 Dungeon Crawl Stone Soup version 0.18.1-50-g88ac8fd (console) character file.

722 CALLOUS the Skirmisher (level 7, -1/96 HPs)
             Began as a Centaur Berserker on Dec 10, 2018.
             Was a Priest of Trog.
             Slain by a gnoll
             ... wielding a +0 spear
              (9 damage)
             ... on level 5 of the Dungeon.
             The game lasted 01:13:35 (5853 turns).

CALLOUS the Skirmisher (Centaur Berserker)          Turns: 5853, Time: 01:13:35

Health: -1/96      AC:  8    Str: 26    XL:     7   Next: 43%
Magic:  7/7        EV: 10    Int:  6    God:    Trog [***...]
Gold:   157        SH:  0    Dex:  9    Spells: 0 memorised, 6 levels left

rFire  . . .     SeeInvis .     p - +4 quarterstaff (chaos)
rCold  . . .     Gourm    .     s - +2 robe
rNeg   . . .     Faith    .     (shield currently unavailable)
rPois  .         Spirit   .     j - +0 helmet
rElec  .         Dismiss  .     q - +0 cloak
rCorr  .         Reflect  .     (no gloves)
SustAt .         Harm     .     (no barding)
MR     .....                    (no amulet)
Stlth  ..........               (no ring)
                                (no ring)

@: berserking (expiring), very quick, not resistant to hostile enchantments,
extremely unstealthy
A: hooves 3, deformed body, speed 2, tough skin 3
a: Berserk, Trog's Hand, Burn Spellbooks, Renounce Religion


You were on level 5 of the Dungeon.
You worshipped Trog.
Trog was most pleased with you.
You were very hungry.

You visited 1 branch of the dungeon, and saw 5 of its levels.

You collected 157 gold pieces.

Inventory:

Hand Weapons
 d - a +0 hunting sling
 k - a +1 falchion of freezing
 l - a +0 spear
 p - a +4 quarterstaff of chaos (weapon)
 u - a +0 hunting sling
 D - a +1 hand axe of chopping
 J - a cursed -2 hand axe
Missiles
 t - 132 stones
 z - 40 sling bullets
 I - a tomahawk (quivered)
Armour
 a - a +0 animal skin
 j - a +0 helmet (worn)
 q - a +0 cloak (worn)
 s - a +2 robe (worn)
 C - a +3 scale mail of poison resistance
 Q - a +0 cloak
Jewellery
 h - a +3 ring of protection {unknown}
 o - a cursed amulet of inaccuracy {unknown}
 y - a +3 ring of strength {unknown}
Scrolls
 e - 2 scrolls of recharging {unknown}
 i - a scroll of teleportation {unknown}
 v - 2 scrolls of identify {unknown}
 w - a scroll of enchant weapon {unknown}
 B - a scroll of magic mapping {unknown}
 G - 2 scrolls of enchant armour {unknown}
 L - a scroll of amnesia {unknown}
 M - 2 scrolls of remove curse {unknown}
Potions
 g - 3 potions of flight {unknown}
 m - 2 potions of curing {unknown}
 x - a potion of resistance {unknown}
 E - a potion of mutation {unknown}
 K - 2 potions of brilliance {unknown}
 O - a potion of haste {unknown}
Comestibles
 b - 10 bread rations
 c - 8 fruits
 f - 4 meat rations
 P - a slice of pizza


   Skills:
 * Level 6.9 Fighting
 + Level 1.6 Armour
 + Level 4.1 Dodging
 - Level 3.0 Unarmed Combat


You had 6 spell levels left.
You didn't know any spells.

Dungeon Overview and Level Annotations

Branches:
Dungeon (5/15)
 Temple: D:4-7

Altars:
Ashenzari
Dithmenos
Elyvilon
Gozag
Kikubaaqudgha
Qazlal
Ru
Xom
The Shining One

Annotations:
D:2 2 exclusions
D:4 6waDmED, Menkaure


Innate Abilities, Weirdness & Mutations

You have hooves in place of feet.
Armour fits poorly on your strangely shaped body.
You cover ground very quickly.
You have extremely tough skin (AC +3).


Message History

Trog appreciates your killing of a magic user.
You feel a bit more experienced. The gnoll hits you with a flail.
* * * LOW HITPOINT WARNING * * *
The shadow imp hits you but does no damage.
The orc closely misses you.
Press: ? - help, v - describe, . - travel
Here: a shadow imp The floor.
Unknown command.
Press: ? - help, v - describe, . - travel
Here: a gnoll, wielding a flail The floor.
Press: ? - help, v - describe, . - travel
Here: a shadow imp The floor.
You bludgeon the shadow imp!!
You kill the shadow imp!
Trog accepts your kill.
The gnoll hits you from afar with a spear!
You die...

.##.#.......#.### #.#..##.......
.##.#.#.#..g#.# #.#..##...####
(##.#.#....(#.# #.........#
g##.#.###.(.#.# ###...#go.#
.##.#.####..#.########.#.#.###
g##.#.#..(.............#.#.#
g##.#...........<# #####.#.######
.##.#.#.>.....##.####..).(.......
.##................##.##.#[#####.
..g.........[...g#.##.##)#.#
####.........##.@#.##.##(#.#
#####.#....#.##.o)g(..(.(..#
.........#.#.###.........###
#######.##.#..........####
#............#### ####.......###
#########


You could see 2 gnolls and an orc.

Vanquished Creatures
  An ogre (D:4)
  A centaur (D:5)
  A giant frog (D:3)
  A scorpion (D:4)
  2 hounds
  3 orc wizards (D:5)
  Crazy Yiuf (D:2)
  Jessica (D:2)
  Ijyb (D:2)
  Terence (D:3)
  A worker ant (D:4)
  A gnoll (D:5)
  4 adders
  2 shadow imps (D:5)
  An ooze (D:4)
  A worm (D:5)
  2 dart slugs
  6 giant geckos
  11 orcs
  2 ball pythons
  2 giant cockroaches (D:2)
  17 goblins
  5 hobgoblins
  5 jackals (D:2)
  7 kobolds
  A quokka (D:4)
  6 bats
  2 giant newts (D:1)
  A jackal zombie (D:5)
  6 rats
96 creatures vanquished.

Notes
Turn   | Place    | Note
--------------------------------------------------------------
     0 | D:1      | CALLOUS the Centaur Berserker began the quest for the Orb.
     0 | D:1      | Reached XP level 1. HP: 19/19 MP: 1/1
   732 | D:1      | Reached XP level 2. HP: 26/26 MP: 2/2
  1211 | D:2      | Found an opulent altar of Gozag.
  1489 | D:2      | Reached skill level 4 in Fighting
  1537 | D:2      | Reached XP level 3. HP: 31/33 MP: 3/3
  1603 | D:2      | Noticed Jessica
  1604 | D:2      | Noticed Crazy Yiuf
  1614 | D:2      | Killed Jessica
  1639 | D:2      | Reached ** piety under Trog
  1848 | D:2      | Killed Crazy Yiuf
  1848 | D:2      | Reached XP level 4. HP: 41/41 MP: 4/4
  1985 | D:2      | Found a glowing golden altar of the Shining One.
  1985 | D:2      | Found a white marble altar of Elyvilon.
  1987 | D:2      | Found an ancient bone altar of Kikubaaqudgha.
  1988 | D:2      | Found a sacrificial altar of Ru.
  1988 | D:2      | Found a stormy altar of Qazlal.
  2614 | D:2      | Reached skill level 5 in Fighting
  2755 | D:2      | Noticed Ijyb
  2887 | D:2      | Killed Ijyb
  2887 | D:2      | Reached XP level 5. HP: 47/48 MP: 5/5
  3518 | D:3      | Noticed Terence
  3563 | D:3      | Killed Terence
  3634 | D:3      | Found a shattered altar of Ashenzari.
  3634 | D:3      | Found a shimmering altar of Xom.
  3664 | D:3      | Reached *** piety under Trog
  3976 | D:3      | Found a shadowy altar of Dithmenos.
  4465 | D:3      | Reached XP level 6. HP: 54/57 MP: 6/6
  4959 | D:4      | Noticed Menkaure
  5168 | D:4      | Reached skill level 6 in Fighting
  5223 | D:5      | Entered Level 5 of the Dungeon
  5431 | D:5      | Reached XP level 7. HP: 60/64 MP: 7/7
  5853 | D:5      | Slain by a gnoll

Skill      XL: |  1  2  3  4  5  6  7 |
---------------+----------------------+-----
Fighting       | 4 5 6 |  6.9
Dodging        | 2 3 4 |  4.1
Armour         | |  1.6
Unarmed Combat | |  3.0

Action                   |  1- 3 |  4- 6 |  7- 9 || total
-------------------------+-------+-------+-------++-------
Melee: Unarmed           |    78 |    66 |    33 ||   177
       Kick              |    18 |    21 |     9 ||    48
       Falchion          |     3 |    39 |       ||    42
       Quarterstaff      |       |    12 |    12 ||    24
 Fire: Hunting sling     |       |   150 |    31 ||   181
Throw: Stone             |       |    21 |       ||    21
       Tomahawk          |       |     4 |     3 ||     7
Invok: Berserk           |     1 |     2 |     1 ||     4
       Trog's Hand       |       |       |     1 ||     1
  Eat: Chunk             |     2 |    12 |       ||    14
Armor: Animal skin       |    19 |       |       ||    19
       Robe              |       |    61 |    23 ||    84
Dodge: Dodged            |    26 |    58 |    37 ||   121
